 Dungeon Crawl Stone Soup version 0.21-a0-578-gc6e9d75 (webtiles) character file.

79 KristoblXynda the Ruffian (level 4, 0/38 HPs)
             Began as a Naga Transmuter on Dec 18, 2017.
             Slain by a gnoll
             ... wielding a +0 spear
              (8 damage)
             ... on level 2 of the Dungeon.
             The game lasted 00:03:12 (1211 turns).

KristoblXynda the Ruffian (Naga Transmuter)         Turns: 1211, Time: 00:03:12

Health: 0/38       AC:  2    Str: 13    XL:     4   Next: 38%
Magic:  7/7        EV: 10    Int: 13    God:
Gold:   107        SH:  0    Dex: 12    Spells: 6/7 levels left

rFire    . . .     SeeInvis +     - Unarmed
rCold    . . .     Gourm    .   (no shield)
rNeg     . . .     Faith    .   b - +0 robe
rPois    +         Spirit   .   (no helmet)
rElec    .         Reflect  .   (no cloak)
rCorr    .         Harm     .   (no gloves)
MR       .....                  (no barding)
Stlth    ++........             (no amulet)
HPRegen  0.12/turn              (no ring)
MPRegen  0.10/turn              (no ring)

@: very slow
A: large, see invisible, deformed body, poison resistance, slowness 2, slow
metabolism 1, spit poison 1, AC +1
a: Spit Poison


You were on level 2 of the Dungeon.
You were hungry.

You visited 1 branch of the dungeon, and saw 2 of its levels.

You collected 107 gold pieces.

Inventory:

Armour
 b - a +0 robe (worn)
Scrolls
 a - a scroll of identify {unknown}
 e - a scroll of teleportation {unknown}
 g - a scroll of remove curse {unknown}
 h - a scroll of fear {unknown}
Potions
 i - 2 potions of haste {unknown}
Books
 c - a book of Changes

   Spells                             Type                      Level
   a - Beastly Appendage              Transmutation                1
   b - Sticks to Snakes               Transmutation                2
   c - Spider Form                    Transmutation/Poison         3
   d - Ice Form                       Ice/Transmutation            4
   e - Blade Hands                    Transmutation                5
Comestibles
 d - 4 rations


   Skills:
 - Level 1.0 Fighting
 - Level 1.5 Dodging
 + Level 2.9 Stealth
 * Level 4.1 Unarmed Combat
 - Level 2.0 Spellcasting
 + Level 2.7 Transmutations


You had 6 spell levels left.
You knew the following spells:

 Your Spells              Type           Power        Failure   Level  Hunger
a - Beastly Appendage     Tmut           #.....       9%          1    ##.....


Dungeon Overview and Level Annotations

Branches:
Dungeon (2/15)

Altars:


Innate Abilities, Weirdness & Mutations

You cannot wear boots.
Your serpentine skin is tough. (AC +1)
You have supernaturally acute eyesight. (SInv)
Armour fits poorly on your strangely shaped body.
Your system is resistant to poisons. (rPois)
You cover ground very slowly.
You have a slow metabolism.
You can spit poison.


Message History

You are feeling hungry.
You barely miss the gnoll. Your punch misses the gnoll.
The gnoll is almost dead.
The gnoll hits you from afar with a spear.
The gnoll hits you but does no damage.
You closely miss the gnoll.
The gnoll is almost dead.
The gnoll hits you but does no damage.
You hit the gnoll.
You kill the gnoll!
The gnoll hits you from afar with a spear!
* * * LOW HITPOINT WARNING * * *
Your horns disappear.
The gnoll hits you from afar with a spear.
* * * LOW HITPOINT WARNING * * *
You can't do that yet.
Unknown command.
You have got your breath back.
The gnoll hits you from afar with a spear!
You die...

#.........#.##
########.....##
####### #......#
###.....###..#.#.#
........))....>#)#
###.....###..###.#
#.....# #.g# #.#
#.....###..###.#
#.........@....#
#.....#######..#
#...... #..###
#...... #....#
#...... ##.#.#
#...# #####


You could see a gnoll.

Vanquished Creatures
  3 gnolls (D:2)
  2 oozes
  A leopard gecko (D:2)
  A giant cockroach (D:1)
  8 goblins
  7 hobgoblins
  4 kobolds
  5 bats (D:1)
  5 frilled lizards
  6 rats (D:1)
42 creatures vanquished.

Notes
Turn   | Place    | Note
-------+----------+-------------------------------------------
     0 | D:1      | KristoblXynda the Naga Transmuter began the quest for the Orb.
     0 | D:1      | Reached XP level 1. HP: 18/18 MP: 3/3
    94 | D:1      | Reached skill level 1 in Stealth
   268 | D:1      | Reached XP level 2. HP: 25/25 MP: 3/5
   626 | D:1      | Reached XP level 3. HP: 31/31 MP: 6/6
  1181 | D:2      | Reached skill level 4 in Unarmed Combat
  1181 | D:2      | Reached XP level 4. HP: 38/38 MP: 5/7
  1211 | D:2      | Slain by a gnoll

Vault maps used:
D:1:      dpeg_arrival_pits, minmay_vboxes
D:2:      uniq_robin

Skill      XL: |  1  2  3 |
---------------+----------+-----
Stealth        | 1 2 |  2.9
Unarmed Combat | 4 |  4.1
Fighting       | |  1.0
Dodging        | |  1.5
Spellcasting   | |  2.0
Transmutations | |  2.7

Action                   |  1- 3 |  4- 6 || total
-------------------------+-------+-------++-------
Melee: Unarmed           |    78 |    13 ||    91
       Headbutt          |     5 |     2 ||     7
 Cast: Beastly Appendage |     8 |     1 ||     9
 Abil: Spit Poison       |    15 |     2 ||    17
  Use: Potion            |     2 |       ||     2
 Stab: Sleeping          |     1 |       ||     1
  Eat: Chunk             |     1 |       ||     1
Armor: Robe              |    22 |     2 ||    24
       Skin              |     7 |       ||     7
Dodge: Dodged            |    55 |     9 ||    64

Table legend:
 A = Spawn XP
 B = Non-spawn XP
 C = Spawn XP percentage of total XP
 D = Spawn monster count
 E = Non-spawn monster count
 F = Spawn count percentage of total count
 G = Total turns spent on level
                    A         B        C        D         E        F      G
               +---------+---------+-------+---------+---------+-------+---------
         Total |       0 |     114 |   0.0 |       0 |      42 |   0.0 |  1211
               +---------+---------+-------+---------+---------+-------+---------
           D:1 |       0 |      56 |   0.0 |       0 |      33 |   0.0 |  1053
           D:2 |       0 |      58 |   0.0 |       0 |       9 |   0.0 |   158
               +---------+---------+-------+---------+---------+-------+---------
